 Dungeon Sprint DCSS version 0.30-a0-121-gb27577e5d9 (webtiles) character file.

Game seed: 17755951430606704473

161 fingers the Twirler (level 5, -4/47 HPs)
             Began as a Ghoul Gladiator on Sept 14, 2022.
             Killed from afar by a deep elf pyromancer (22 damage)
             ... with a bolt of fire
             ... in the Dungeon (Sprint III: "The Ten Rune Challenge").
             The game lasted 00:01:55 (922 turns).

fingers the Twirler (Ghoul Gladiator)                Turns: 922, Time: 00:01:55

Health: -4/47      AC:  4    Str: 20    XL:     5   Next: 42%
Magic:  4/4        EV: 13    Int:  3    God:
Gold:   35         SH:  0    Dex: 10    Spells: 4/4 levels left

rFire   . . .      SeeInvis .    a - +0 quarterstaff
rCold   + . .      Faith    .    (shield currently unavailable)
rNeg    + + +      Spirit   .    b - +0 leather armour
rPois   ∞          Reflect  .    c - +0 helmet
rElec   .          Harm     .    (no cloak)
rCorr   .          Rampage  .    (no gloves)
Will    .....      NoTele   +    (no boots)
Stlth   +.........               (no amulet)
HPRegen 0.00/turn                (no ring)
MPRegen 0.09/turn                (no ring)

@: inhibited regen
A: claws 1, cold resistance 1, negative energy resistance 3, inhibited
regeneration, torment resistance 2, devour on kill
a: no special abilities


You were in the Dungeon.
You visited 1 branch You collected 35 gold pieces.

Inventory:

Hand Weapons
 a - a +0 quarterstaff (weapon)
Missiles
 d - a throwing net (quivered)
 e - a javelin
Armour
 b - a +0 leather armour (worn)
 c - a +0 helmet (worn)
Scrolls
 g - 2 scrolls of poison {unknown}
 h - 3 scrolls of identify
 j - a scroll of blinking
Potions
 f - 2 potions of curing
 i - 2 potions of magic
 k - 2 potions of flight


   Skills:
 + Level 4.5 Fighting
 + Level 6.5 Staves
 + Level 3.1 Throwing
 + Level 2.4 Armour
 + Level 6.0 Dodging
 + Level 1.5 Stealth


You had 4 spell levels left.
You didn't know any spells.
Your spell library was empty.

Dungeon Overview and Level Annotations

Branches:
Dungeon (1/1)

Altars:
Kikubaaqudgha
Sif Muna
Vehumet


Innate Abilities, Weirdness & Mutations

You are immune to poison.
You have sharp fingernails.
Your flesh is cold resistant. (rC+)
You are immune to negative energy. (rN+++)
You do not regenerate when monsters are visible.
You are immune to unholy pain and torment.
You thrive by killing the living.


Message History

You kill the kobold demonologist!
The iron imp disappears in a puff of smoke!
Your Dodging skill increases to level 6!
You now have 35 gold pieces (gained 6).
There is an open door here.
Items here: )) [[ †.
You start resting.
HP restored.
You start waiting.
Done waiting.
Okay, then.
There is a radiant altar of Vehumet here.
There is a shimmering blue altar of Sif Muna here.
There is an ancient bone altar of Kikubaaqudgha here.
There is a shimmering blue altar of Sif Muna here.
There is a radiant altar of Vehumet here.
There is an open door here.
Items here: )) [[ ÷.
You open the door.
Found three altars.
A deep elf pyromancer comes into view.
It is wielding a +2 long sword of holy wrath.
Found a potion of heal wounds.
There is an open door here.
You closely miss the deep elf pyromancer.
The deep elf pyromancer hits you with a +2 long sword of holy wrath!
You convulse!
You closely miss the deep elf pyromancer.
The deep elf pyromancer hits you with a +2 long sword of holy wrath.
You convulse.
You barely miss the deep elf pyromancer.
The deep elf pyromancer hits you with a +2 long sword of holy wrath.
You convulse.
You thump the deep elf pyromancer!
The deep elf pyromancer is moderately wounded.
The deep elf pyromancer misses you.
You sock the deep elf pyromancer!
The deep elf pyromancer is heavily wounded.
The deep elf pyromancer points at you and mumbles some strange words.
The bolt of fire hits you!!
You die...

▓▓▓▓▓▓▓▓ ▓▓▓ .'...♣.♣
♣.##### .#....♣ ♣.#___#
##....♣♣ ♣♣.#!e.#
.#....~♣♣♣♣..###@#+###+#
.#...~~..♣...#..........
)#..~~~~♣..♣.'.⌠........
'#..~≈≈~~~♣..#...######+
)#.~~≈~~~....#.⌠.#
.#.~≈~~~.....#...#
.#.~~~.......#)###
##...........#.:.#
.............#___#


You could see a deep elf pyromancer.

Vanquished Creatures
  A water elemental (D)
  Jessica (D)
  A wizard (D)
  A kobold demonologist (D)
  A human (D)
  A wolf (D)
  An endoplasm (D)
  2 rats (D)
9 creatures vanquished.

Notes
Turn   | Place    | Note
-------+----------+-------------------------------------------
     0 | D        | fingers the Ghoul Gladiator began the quest for the Orb.
     0 | D        | Reached XP level 1. HP: 17/17 MP: 0/0
    14 | D        | Noticed Jessica
    17 | D        | Killed Jessica
    18 | D        | Reached XP level 2. HP: 26/26 MP: 1/1
    18 | D        | Reached XP level 3. HP: 31/31 MP: 2/2
   345 | D        | Noticed a water elemental
   372 | D        | Killed a water elemental
   373 | D        | Reached skill level 5 in Staves
   373 | D        | Reached skill level 1 in Armour
   373 | D        | Reached skill level 5 in Dodging
   373 | D        | Reached skill level 1 in Stealth
   373 | D        | Reached XP level 4. HP: 40/40 MP: 3/3
   516 | D        | Reached XP level 5. HP: 32/46 MP: 4/4
   669 | D        | Found a radiant altar of Vehumet.
   669 | D        | Found a shimmering blue altar of Sif Muna.
   669 | D        | Found an ancient bone altar of Kikubaaqudgha.
   917 | D        | Noticed a deep elf pyromancer
   922 | D        | Killed from afar by a deep elf pyromancer

Illustrated notes

Levels and vault maps discovered:
D:        dungeon_sprint_mu [sprint_mu_entry_forest, sprint_mu_temple_rooms,
          sprint_mu_d1_horrors, sprint_mu_d2_genie, sprint_mu_d3_branching,
          sprint_mu_orc_legion, sprint_mu_elf_gauntlet, sprint_mu_hive_nellie,
          sprint_mu_lair_fedhas, sprint_mu_vaults_butterflies,
          sprint_mu_slime_circle, sprint_mu_shoals_kraken,
          sprint_mu_snake_twists, sprint_mu_blade_basic,
          sprint_mu_crypt_chambers, sprint_mu_tomb_spiral,
          sprint_mu_vestibule_basic, sprint_mu_gehenna_hellfire,
          sprint_mu_dis_giant, sprint_mu_tartarus_statrot,
          sprint_mu_cocytus_islands, sprint_mu_zot1]

Skill      XL: |  1  2  3  4  5 |
---------------+----------------+-----
Staves         | 4 5 6 |  6.5
Dodging        | 4 5 6 |  6.0
Fighting       | 3 4 |  4.5
Throwing       | 2 3 |  3.1
Armour         | 1 2 |  2.4
Stealth        | 1 |  1.5

Action                   |  1- 3 |  4- 6 || total
-------------------------+-------+-------++-------
Melee: Quarterstaff      |    45 |    36 ||    81
Throw: Throwing net      |     1 |     1 ||     2
       Javelin           |       |     1 ||     1
  Use: Potion            |     2 |       ||     2
 Stab: Held in net/web   |     1 |       ||     1
Armor: Leather armour    |     6 |     5 ||    11
Dodge: Dodged            |    30 |    15 ||    45

Table legend: (Time is in decaauts)
 A = Elapsed time spent in this place.
 B = Non-inter-level travel time spent in this place.
 C = Inter-level travel time spent in this place.
 D = Time resting spent in this place.
 E = Time spent auto-exploring this place.
 F = Levels seen in this place.
 G = Mean time per level.
                   A        B        C        D        E       F      G
               +--------+--------+--------+--------+--------+-----+--------+
         Total |    915 |    915 |      0 |    677 |      0 |   1 |  915.0 |
       Dungeon |    915 |    915 |      0 |    677 |      0 |   1 |  915.0 |
               +--------+--------+--------+--------+--------+-----+--------+

Top non-repeatable levels by time:
       D: 915 daAuts
